 Dungeon Crawl Stone Soup version 0.16-a0-3714-geb26cbe (webtiles) character file.

191 vatarom the Caller (level 5, -3/35 HPs)
             Began as a Mummy Summoner on Jan 20, 2015.
             Slain by an iguana (7 damage)
             ... on level 5 of the Dungeon.
             The game lasted 00:10:56 (4114 turns).

vatarom the Caller (Mummy Summoner)                 Turns: 4114, Time: 00:10:56

Health: -3/35      AC:  4    Str: 11    XL:     5   Next: 42%
Magic:  5/11       EV: 11    Int: 15    God:
Gold:   192        SH:  3    Dex: 12    Spells: 3 memorised, 4 levels left

rFire  x . .     SeeInvis +     f - +2 hand axe (flame)
rCold  + . .     Clarity  .     a - +1 robe
rNeg   + + +     SustAb   .     i - +0 buckler (curse)
rPois  ∞         Gourm    .     (no helmet)
rElec  .         Spirit   .     (no cloak)
rCorr  .         Warding  .     e - +0 pair of gloves
rMut   .         Stasis   .     (no boots)
MR     .....                    (no amulet)
Stlth  ++........               j - ring of positive energy
                                h - ring of see invisible

@: not resistant to hostile enchantments, unstealthy
A: no food or potions, fire vulnerability, restore body, cold resistance 1,
negative energy resistance 3, poison resistance, torment resistance, unbreathing
a: no special abilities


You were on level 5 of the Dungeon.
You were not hungry.

You visited 1 branch of the dungeon, and saw 5 of its levels.

You collected 192 gold pieces.

Inventory:

Hand weapons
 f - a +2 hand axe of flaming (weapon)
 g - a +3 spear
Armour
 a - a +1 robe (worn)
 e - a +0 pair of gloves (worn)
 i - a cursed +0 buckler (worn)
Jewellery
 h - a ring of see invisible (left hand)
 j - a ring of positive energy (right hand)
Magical devices
 k - a wand of magic darts (8)
Scrolls
 c - 2 scrolls of teleportation
 d - 3 scrolls of remove curse
 l - a scroll of identify
Books
 b - a book of Callings

   Spells                             Type                      Level
   a - Summon Small Mammal            Summoning                    1
   b - Call Imp                       Summoning                    2
   c - Call Canine Familiar           Summoning                    3
   d - Summon Guardian Golem          Hexes/Summoning              4
   e - Summon Lightning Spire         Summoning/Air                4
   f - Summon Ice Beast               Ice/Summoning                4


   Skills:
 - Level 1.5 Dodging
 - Level 1.5 Stealth
 + Level 3.3 Spellcasting
 - Level 5.0 Summonings


You had 4 spell levels left.
You knew the following spells:

 Your Spells              Type           Power        Failure   Level  Hunger
a - Summon Small Mammal   Summ           ###.         6%          1    N/A
b - Call Imp              Summ           ###.....     10%         2    N/A
c - Call Canine Familiar  Summ           ###.....     14%         3    N/A

Dungeon Overview and Level Annotations

Branches:
Dungeon (5/15)
 Temple: D:4-7

Altars:
Ru
Xom


Innate Abilities, Weirdness & Mutations

You do not eat or drink.
Your flesh is vulnerable to fire.
Your flesh is cold resistant.
You are immune to negative energy.
Your system is resistant to poisons.
You are immune to unholy pain and torment.
You can survive without breathing.


Message History

Your hound bites the iguana but does no damage.
You closely miss the iguana.
The iguana is lightly wounded.
The iguana bites you.
Your hound bites the iguana.
Your crimson imp barely misses the iguana.
The iguana bites you!
You barely miss the iguana.
The iguana is lightly wounded.
Your hound closely misses the iguana.
Your hound bites the iguana.
Your crimson imp hits the iguana but does no damage.
The iguana bites you!
* * * LOW HITPOINT WARNING * * *
You are too injured to fight recklessly!
Unknown command.
You closely miss the iguana.
The iguana is moderately wounded.
Your hound completely misses the iguana.
Your crimson imp blinks!
Your hound bites the iguana.
The iguana bites you!
You die...

. ..... #...#
...# . #..##
..# #...#
..###
#..5###.....
#.....(.....
#..@.........
#.<.lh.......
#...§.........
#....###......
#...## #...[.
#...# ..#..
..... ## ...#
..


You could see an iguana, a friendly hound and a friendly crimson imp.

Vanquished Creatures
  A worker ant (D:4)
  A hound skeleton (D:4)
  2 adders (D:2)
  A worm (D:2)
  2 giant mites
  3 orcs
  2 giant cockroaches
  4 goblins
  3 hobgoblins
  2 kobolds
  15 bats
  A giant gecko zombie (D:3)
  A giant newt (D:2)
  2 quokkas
  10 rats
50 creatures vanquished.

Vanquished Creatures (collateral kills)
  4 worker ants (D:4)
  A giant mite (D:1)
  2 worms
  2 bats
  2 giant newts
  2 jackals (D:1)
  A kobold (D:1)
  A rat (D:1)
15 creatures vanquished.

Vanquished Creatures (others)
  A rat (D:1)
1 creature vanquished.

Grand Total: 66 creatures vanquished

Notes
Turn   | Place    | Note
--------------------------------------------------------------
     0 | D:1      | vatarom, the Mummy Summoner, began the quest for the Orb.
     0 | D:1      | Reached XP level 1. HP: 13/13 MP: 3/3
   453 | D:1      | Reached XP level 2. HP: 5/19 MP: 1/4
   480 | D:1      | Learned a level 2 spell: Call Imp
  1126 | D:2      | Reached skill level 4 in Summonings
  1285 | D:2      | Reached XP level 3. HP: 22/24 MP: 6/6
  1290 | D:2      | Learned a level 3 spell: Call Canine Familiar
  2046 | D:3      | Reached XP level 4. HP: 27/30 MP: 7/7
  2609 | D:3      | Found a sacrificial altar of Ru.
  2623 | D:3      | Found a shimmering altar of Xom.
  3023 | D:4      | Reached skill level 5 in Summonings
  3375 | D:4      | Reached XP level 5. HP: 35/35 MP: 1/9
  3784 | D:5      | Entered Level 5 of the Dungeon
  4114 | D:5      | Slain by an iguana

Action                   |  1- 3 |  4- 6 || total
-------------------------+-------+-------++-------
Melee: Whip              |    49 |       ||    49
       Unarmed           |    14 |       ||    14
       Quarterstaff      |    22 |       ||    22
       Spear             |    36 |    43 ||    79
       Hand axe          |       |    39 ||    39
 Cast: Summon Small Mamm |     9 |     1 ||    10
       Call Imp          |     6 |     9 ||    15
       Call Canine Famil |     3 |     7 ||    10
Evoke: Wand              |       |     1 ||     1
  Use: Scroll            |     6 |       ||     6
 Stab: Sleeping          |     4 |     1 ||     5
       Distracted        |     1 |       ||     1
